cohdb
Replays
Latest Replays
All Replays
Popular Replays
Top Player Replays
Match Explorer
How It Works
Community
CoH3 Stats
Reddit
Sign in to upload your games and track your stats! →
Sign in with Steam
Match 43781322
Unlisted
Match 43781322
Overview
Messages
Build Orders
End
Construct Barracks
Riflemen Squad
Riflemen Squad
M1 Mortar Team
Construct Weapon Support Center
Infantry Support Center
Construct Medical Station
Grenade Package
M1919 Machine Gun Team
Riflemen Squad
Selects Special Operations Battlegroup
Selects M29 Weasel Recon Vehicle
Selects Mark Vehicle
M1919 Machine Gun Team
Advanced Logistics
M1918 Browning Automatic Rifles
Sniper
Engineer Squad
Selects M4A1 Sherman Whizbang
M4A1 Sherman Whizbang
chronno
BravoTwoZer0
ChristophHRO
Sparviero
hogarthw
Papus Rimus
0
0
Comments
sign in to comment!
No comments posted yet!